Map: Tropisches Opfer

Players

K.I.-1 (Sehr leicht)

  • Race: Protoss Protoss
  • Spawn Location: 1:00

marauder - Winner!

  • Race: Terran Terran
  • League: Diamond
  • Spawn Location: 7:00

VOD

Have the link to the VOD?

Description

Time

  • Played on: Aug. 12, 2022, 5:56 a.m.
  • Length: 11:19
Show
View Real Time Build Order
Export as new Build Order

K.I.-1 (Sehr leicht) Protoss 

Build Orders: 1 Gate Expand, Nexus First 

Get SALT Encoding   

  12  0:00  Probe  
  13  0:13  Probe  
  14  0:20  Pylon  
  14  0:42  Gateway  
  14  1:02  Nexus  
  14  1:20  Pylon  
  14  1:21  Zealot  
  14  1:24  Assimilator  
  16  1:37  Cybernetics Core  
  16  1:38  Probe  
  17  1:51  Probe  
  18  2:00  Assimilator, Probe  
  19  2:08  Probe  
  19  2:14  Stalker  
  19  2:15  Warp Gate  
  22  2:18  Probe  
  22  2:21  Probe  
  24  2:32  Probe  
  25  2:39  Probe  
  26  2:53  Probe  
  26  2:56  Pylon  
  27  3:00  Probe  
  28  3:08  Probe, Robotics Facility  
  29  3:13  Probe  
  30  3:22  Probe  
  30  3:25  Probe  
  30  3:30  Zealot  
  33  3:36  Probe  
  34  3:43  Probe  
  35  3:49  Assimilator  
  35  3:51  Probe  
  35  3:55  Observer  
  37  3:58  Probe  
  37  3:59  Assimilator  
  37  4:04  Probe  
  38  4:12  Probe  
  38  4:15  Probe  
  38  4:16  Observer  
  40  4:26  Probe  
  40  4:30  Probe  
  42  4:41  Probe  
  43  4:46  Sentry  
  43  4:48  Probe  
  43  4:55  Probe  
  30  5:02  Probe  
  24  5:10  Probe  
  25  5:14  Stalker  
  25  5:17  Probe  
  28  5:24  Probe  
  28  5:28  Assimilator  
  29  5:31  Probe  
  30  5:39  Probe  
  31  5:43  Zealot  
  31  5:46  Probe  
  34  5:53  Probe  
  34  5:54  Observer  
  35  6:00  Probe  
  36  6:06  Immortal  
  36  6:07  Probe  
  37  6:13  Probe  
  42  6:22  Probe  
  42  6:25  Probe  
  44  6:36  Probe  
  45  6:43  Probe  
  46  6:50  Probe  
  46  6:53  Pylon  
  47  6:58  Probe  
  48  7:05  Probe  
  49  7:12  Probe  
  50  7:17  Probe  
  51  7:24  Probe  
  51  7:29  Probe  
  52  7:30  Observer  
  52  7:36  Probe  
  54  7:48  Probe  
  54  7:51  Pylon  
  55  7:55  Probe  
  56  8:02  Probe  
  57  8:09  Probe  
  58  10:39  Zealot  
  44  10:47  Probe  
  34  10:52  Pylon  
  23  10:58  Pylon  
Show
View Real Time Build Order
Export as new Build Order

marauder Terran - Winner!

Build Orders:  

Get SALT Encoding   

  12  0:00  SCV  
  13  0:12  SCV  
  14  0:17  Supply Depot  
  14  0:24  SCV  
  15  0:39  SCV  
  15  0:41  Barracks  
  16  0:46  Refinery  
  16  0:51  SCV  
  17  1:03  SCV  
  18  1:15  SCV  
  19  1:27  Marine  
  19  1:29  Orbital Command  
  20  1:44  Command Center  
  20  1:54  Factory  
  20  1:58  SCV  
  21  2:06  Barracks Reactor  
  21  2:10  SCV  
  21  2:15  Supply Depot  
  22  2:23  SCV  
  22  2:25  Refinery  
  23  2:37  SCV  
  24  2:44  Hellion, Starport  
  24  2:49  SCV  
  27  2:55  Bunker, Marine x2  
  29  3:01  SCV  
  30  3:12  Orbital Command, Marine  
  30  3:13  Marine, SCV  
  33  3:25  SCV  
  34  3:31  Medivac  
  34  3:33  Marine  
  37  3:37  SCV  
  37  3:39  Hellion  
  40  3:45  SCV  
  41  3:49  SCV  
  41  3:52  Supply Depot  
  42  3:57  Marine x2, SCV  
  42  4:01  Starport Tech Lab, SCV  
  42  4:02  Factory Reactor  
  46  4:14  SCV x2  
  48  4:22  Supply Depot  
  48  4:26  Barracks  
  48  4:27  Barracks, Raven  
  48  4:30  Marine  
  48  4:31  Marine  
  52  4:33  Engineering Bay  
  52  4:34  Engineering Bay  
  52  4:48  Marine  
  53  4:53  Marine  
  54  5:01  Refinery, SCV  
  54  5:02  Refinery  
  54  5:06  Marine  
  56  5:11  Marine, Command Center  
  58  5:20  Barracks Tech Lab x2  
  57  5:23  Terran Infantry Weapons Level 1, Terran Infantry Armor Level 1  
  57  5:24  Armory  
  57  5:33  SCV x2  
  59  5:45  SCV x2  
  59  5:46  Combat Shield  
  59  5:47  Stimpack  
  61  5:58  SCV  
  62  6:05  Supply Depot  
  62  6:06  Supply Depot  
  62  6:19  Supply Depot  
  62  6:20  Supply Depot  
  62  6:22  Medivac, Siege Tank, SCV x2  
  62  6:25  Orbital Command  
  69  6:34  SCV  
  69  6:35  Barracks x2  
  69  6:36  SCV  
  71  6:47  SCV  
  72  6:48  SCV  
  72  6:49  Marine x2  
  72  6:50  Marauder x2  
  72  6:53  Terran Vehicle Weapons Level 1  
  79  6:56  SCV  
  79  6:58  Medivac  
  79  6:59  SCV  
  79  7:00  SCV  
  84  7:07  Marine, Refinery  
  86  7:08  Refinery, SCV  
  86  7:10  Siege Tank  
  86  7:11  SCV, Marauder x2  
  86  7:12  SCV  
  95  7:18  Marine  
  95  7:20  SCV  
  97  7:23  SCV  
  97  7:24  SCV  
  97  7:25  Barracks Tech Lab, Marine, Barracks Reactor  
  97  7:26  Terran Infantry Weapons Level 2  
  100  7:32  Terran Infantry Armor Level 2, SCV, Marauder x2  
  100  7:35  Marine, SCV  
  100  7:36  SCV  
  108  7:42  Marine  
  109  7:47  Supply Depot  
  109  7:48  Supply Depot  
  109  7:50  Supply Depot  
  109  8:08  Marine x2, SCV x2  
  109  8:09  SCV, Marauder x2  
  109  8:10  Supply Depot  
  118  8:12  Supply Depot  
  118  8:14  Supply Depot  
  118  8:16  Siege Tank, Command Center  
  118  8:17  Medivac  
  123  8:20  SCV x2  
  123  8:21  SCV  
  123  8:26  Marine  
  127  8:32  SCV x2  
  127  8:33  SCV  
  130  8:36  Supply Depot  
  130  8:37  Supply Depot  
  130  8:39  Medivac  
  130  8:40  Supply Depot  
  130  8:41  Marine x2, Marauder  
  135  8:43  Concussive Shells  
  135  8:44  SCV  
  135  8:45  SCV  
  135  8:46  Marine x2, SCV, Marauder  
  135  8:47  Medivac  
  135  8:48  Terran Vehicle And Ship Armor Level 1, Siege Tank  
  148  8:55  Barracks  
  148  8:57  Barracks, SCV  
  148  8:58  Barracks  
  149  9:15  Marine x4, Marauder x2  
  149  9:16  Marauder  
  159  9:19  Medivac  
  159  9:20  Widow Mine  
  159  9:23  Factory  
  163  9:32  Marine  
  163  9:33  Marine x2  
  163  9:37  Marauder x3  
  172  9:40  Refinery x2  
  172  9:44  SCV x3  
  176  9:47  Supply Depot  
  176  9:48  Supply Depot  
  176  9:49  Orbital Command, Supply Depot  
  175  9:53  Barracks Reactor  
  175  9:54  Barracks Tech Lab x2  
  175  9:56  SCV  
  175  9:57  Siege Tank  
  179  10:03  Factory  
  179  10:08  Factory Tech Lab  
  179  10:29  Siege Tank  
  179  10:32  Marine x3, Marauder x3  
  188  10:42  Marine x3  
  194  10:43  Marauder x2  
  194  10:49  Marine x2  
  195  10:50  Marine  
  195  10:54  Marauder  
  195  10:55  Factory Tech Lab  
Tags
 
Add a new tag
Caveats
  • Supply blocks, unpowered buildings, or Contaminate may cause inaccurate times.
  • Supply counts are checked every 10 seconds.